Map: Eternal Empire LE

Players

SKillous

  • Race: Protoss Protoss
  • League: Grandmaster
  • Spawn Location: 1:00

TLHarstem (Harstem) - Winner!

  • Race: Protoss Protoss
  • League: Master
  • Spawn Location: 7:00

Event: DreamHack SC2 Masters 2020 Fall

VOD

Have the link to the VOD?

Description

Time

  • Played on: Sept. 6, 2020, 1:13 p.m.
  • Length: 19:00

All games in this series

Show
View Real Time Build Order
Export as new Build Order

SKillous Protoss 

Build Orders: Oracle Opening, Archon Immortal 

Get SALT Encoding   

  12  0:00  Probe  
  13  0:12  Probe  
  14  0:17  Pylon  
  14  0:24  Probe (Chrono Boost)  
  15  0:36  Probe (Chrono Boost)  
  15  0:38  Gateway  
  16  0:44  Probe (Chrono Boost)  
  16  0:46  Assimilator  
  17  0:51  Probe  
  17  0:55  Assimilator  
  18  1:03  Probe (Chrono Boost)  
  19  1:09  Gateway  
  19  1:13  Probe (Chrono Boost)  
  19  1:18  Probe (Chrono Boost)  
  21  1:27  Cybernetics Core  
  21  1:30  Probe  
  22  1:40  Pylon  
  22  1:42  Probe  
  23  1:47  Pylon  
  23  2:05  Adept x2, Probe  
  23  2:08  Stargate  
  28  2:15  Warp Gate  
  28  2:43  Nexus  
  29  2:48  Oracle (Chrono Boost)  
  28  2:58  Probe, Pylon  
  31  3:16  Probe (Chrono Boost)  
  32  3:25  Probe (Chrono Boost)  
  33  3:28  Robotics Facility  
  33  3:30  Probe (Chrono Boost)  
  33  3:31  Forge  
  34  3:42  Probe  
  32  3:56  Probe (Chrono Boost)  
  32  3:59  Probe (Chrono Boost)  
  33  4:03  Sentry x2  
  33  4:05  Pylon, Probe (Chrono Boost)  
  33  4:06  Protoss Ground Weapons Level 1 (Chrono Boost)  
  33  4:08  Probe (Chrono Boost)  
  39  4:13  Probe (Chrono Boost)  
  41  4:18  Probe (Chrono Boost)  
  41  4:23  Immortal  
  46  4:25  Probe (Chrono Boost)  
  46  4:26  Probe (Chrono Boost)  
  47  4:32  Shield Battery  
  47  4:33  Probe  
  47  4:34  Probe  
  49  4:45  Probe  
  49  4:46  Twilight Council, Probe  
  49  4:49  Assimilator  
  49  4:51  Assimilator  
  51  4:59  Probe (Chrono Boost)  
  53  5:02  Probe (Chrono Boost)  
  53  5:03  Immortal  
  57  5:09  Probe (Chrono Boost)  
  57  5:12  Probe (Chrono Boost)  
  59  5:14  Probe (Chrono Boost)  
  59  5:17  Pylon  
  60  5:22  Probe  
  60  5:25  Probe, Charge  
  60  5:28  Gateway  
  62  5:29  Gateway  
  62  5:35  Probe  
  63  5:36  Templar Archives  
  63  5:38  Pylon  
  63  5:40  Probe  
  64  5:47  Probe  
  65  5:51  Immortal  
  70  6:01  Probe  
  71  6:05  Nexus  
  71  6:06  Protoss Ground Weapons Level 2 (Chrono Boost)  
  71  6:07  Probe  
  71  6:10  Pylon  
  71  6:17  Probe  
  72  6:23  Probe  
  73  6:28  High Templar x2  
  73  6:32  Shield Battery  
  77  6:33  Archon  
  77  6:34  Immortal, Probe  
  77  6:36  Probe  
  83  6:47  Probe  
  84  6:51  Pylon  
  84  6:55  Gateway  
  84  6:56  High Templar, Gateway  
  86  7:01  Pylon  
  86  7:02  Assimilator  
  86  7:06  Assimilator  
  86  7:09  High Templar, Probe x2  
  86  7:10  Zealot  
  86  7:12  Zealot  
  86  7:14  Archon  
  94  7:20  Observer (Chrono Boost)  
  94  7:21  Probe x2  
  94  7:33  Probe  
  94  7:34  Immortal (Chrono Boost)  
  94  7:35  Pylon  
  94  7:36  Shield Battery  
  99  7:39  Gateway  
  99  7:41  Gateway  
  99  7:47  Zealot, High Templar x2  
  99  7:48  Zealot  
  107  7:51  Archon  
  107  8:02  Zealot x2, Photon Cannon  
  111  8:13  Immortal  
  111  8:15  Protoss Ground Weapons Level 3 (Chrono Boost)  
  111  8:16  Photon Cannon  
  115  8:30  Fleet Beacon  
  115  8:32  Zealot x4  
  115  8:33  Probe, Pylon  
  124  8:36  Probe  
  125  8:45  Pylon  
  125  8:46  Pylon  
  123  8:51  Shield Battery  
  123  8:52  Shield Battery  
  123  8:53  Shield Battery  
  123  8:54  Observer  
  123  8:56  High Templar  
  123  8:57  High Templar x3  
  123  8:58  Zealot  
  123  9:01  Archon x2  
  133  9:03  Pylon  
  133  9:06  Phoenix (Chrono Boost)  
  133  9:08  Phoenix (Chrono Boost)  
  133  9:09  Stargate  
  135  9:22  Phoenix (Chrono Boost)  
  137  9:29  Nexus, Pylon  
  137  9:34  Zealot x3  
  143  9:41  Zealot x4  
  149  9:47  Phoenix  
  150  9:53  Probe  
  150  9:55  Mothership (Chrono Boost)  
  150  9:56  Zealot x3  
  157  10:03  Probe (Chrono Boost)  
  151  10:09  Phoenix  
  151  10:12  Phoenix  
  163  10:20  Probe x2 (Chrono Boost)  
  165  10:33  Assimilator, Pylon  
  165  10:34  Assimilator  
  165  10:35  Pylon  
  165  10:40  Phoenix, Probe x2  
  165  10:41  Pylon  
  169  10:47  Phoenix  
  169  10:48  Protoss Air Weapons Level 1 (Chrono Boost)  
  169  10:49  Observer  
  172  10:54  Shield Battery  
  172  10:55  Photon Cannon  
  172  11:11  Observer  
  173  11:14  Protoss Shields Level 1 (Chrono Boost)  
  171  11:19  Carrier (Chrono Boost)  
  171  11:20  Stargate  
  171  11:21  Probe x2  
  185  11:33  Photon Cannon  
  185  11:34  Carrier (Chrono Boost)  
  185  11:40  Nexus  
  185  11:41  Pylon  
  185  11:55  Stargate  
  185  12:00  Unknown  
  183  12:08  Tempest (Chrono Boost)  
  188  12:11  Anion Pulse-Crystals  
  188  12:13  Tempest (Chrono Boost)  
  191  12:18  Tempest (Chrono Boost)  
  192  12:37  Photon Cannon, Tempest  
  192  12:39  Protoss Air Weapons Level 2  
  192  12:40  Shield Battery  
  197  12:51  Photon Cannon  
  197  12:53  Photon Cannon  
  197  12:54  Photon Cannon  
  197  12:57  Photon Cannon  
  197  12:59  Shield Battery  
  197  13:17  Probe  
  197  13:19  Protoss Shields Level 2 (Chrono Boost)  
  198  13:22  Warp Prism  
  194  13:36  Tempest x2 (Chrono Boost)  
  194  13:37  Tempest (Chrono Boost)  
  181  13:46  Zealot x7  
  200  13:53  Tempest (Chrono Boost)  
  198  14:14  Oracle (Chrono Boost)  
  196  14:23  Pylon  
  199  14:24  Nexus  
  197  14:50  Pylon  
  193  14:53  Shield Battery x2  
  193  14:55  Shield Battery, Tempest  
  193  14:57  Shield Battery  
  193  14:59  Shield Battery  
  196  15:00  Shield Battery  
  196  15:01  Shield Battery  
  196  15:05  Pylon  
  196  15:07  Tempest  
  196  15:13  Zealot x2  
  199  15:14  Tempest  
  191  15:22  Probe  
  191  15:23  Probe x3  
  191  15:27  Tempest  
  192  15:31  Assimilator  
  192  15:34  Zealot x5  
  192  15:35  Photon Cannon  
  200  15:37  Photon Cannon  
  200  15:38  Photon Cannon  
  200  15:49  Zealot x3  
  181  15:55  Assimilator  
  162  15:58  Tempest x3  
  172  16:10  Tempest  
  153  16:16  High Templar x4  
  153  16:17  High Templar x2  
  162  16:22  Archon x3  
  160  16:35  Zealot x2  
  127  16:40  Tempest (Chrono Boost)  
  117  16:48  Zealot x3, Tempest (Chrono Boost)  
  117  16:49  Zealot x2  
  104  17:01  Probe x3 (Chrono Boost)  
  104  17:02  Probe (Chrono Boost)  
  101  17:09  High Templar x4  
  101  17:10  High Templar x4  
  101  17:11  Probe (Chrono Boost)  
  101  17:13  Archon x2  
  101  17:14  Archon  
  119  17:17  Archon  
  119  17:19  Probe (Chrono Boost)  
  119  17:20  Probe (Chrono Boost)  
  119  17:21  Probe (Chrono Boost)  
  123  17:24  Probe x2 (Chrono Boost)  
  123  17:28  Probe (Chrono Boost)  
  124  17:37  Probe  
  125  17:42  Oracle (Chrono Boost), High Templar x6  
  125  17:43  High Templar x2  
  137  17:48  Archon x4  
  137  17:49  Probe x2  
  140  18:11  Zealot x2  
  140  18:12  Zealot x2  
  142  18:20  Zealot x4  
  149  18:36  High Templar  
  149  18:37  High Templar x3  
  157  18:41  Archon  
  157  18:42  Archon  
  157  18:54  Zealot x3  
  157  18:55  Zealot  
Show
View Real Time Build Order
Export as new Build Order

TLHarstem Protoss - Winner!

Build Orders: Nexus First, Carriers, Zealot Archon 

Get SALT Encoding   

  12  0:00  Probe  
  13  0:13  Probe  
  14  0:17  Pylon  
  14  0:25  Probe  
  15  0:37  Probe  
  16  0:49  Probe  
  17  0:58  Nexus  
  17  1:07  Gateway  
  17  1:11  Probe (Chrono Boost)  
  18  1:20  Probe (Chrono Boost)  
  18  1:22  Assimilator  
  19  1:25  Probe (Chrono Boost)  
  19  1:27  Assimilator  
  20  1:37  Probe  
  21  1:43  Gateway  
  21  1:49  Probe  
  22  1:55  Cybernetics Core  
  22  2:01  Probe  
  23  2:11  Probe  
  23  2:13  Probe  
  25  2:23  Probe  
  25  2:25  Probe  
  27  2:35  Warp Gate (Chrono Boost), Stalker (Chrono Boost)  
  32  2:37  Probe  
  32  2:41  Stalker (Chrono Boost), Pylon  
  32  2:43  Probe  
  35  2:59  Stalker (Chrono Boost)  
  35  3:02  Stalker (Chrono Boost)  
  35  3:04  Shield Battery  
  38  3:09  Shield Battery  
  38  3:11  Probe  
  38  3:14  Probe  
  39  3:23  Sentry (Chrono Boost), Probe  
  39  3:24  Shield Battery  
  39  3:26  Probe  
  42  3:31  Pylon  
  42  3:35  Probe  
  42  3:40  Probe  
  42  3:48  Probe  
  41  3:49  Probe  
  41  3:55  Forge  
  42  3:57  Probe  
  42  4:00  Phoenix, Probe  
  44  4:09  Probe (Chrono Boost)  
  45  4:13  Probe (Chrono Boost)  
  46  4:17  Stalker x2  
  46  4:18  Pylon  
  46  4:21  Probe (Chrono Boost)  
  52  4:24  Pylon  
  52  4:27  Protoss Ground Weapons Level 1 (Chrono Boost)  
  52  4:29  Probe (Chrono Boost)  
  52  4:30  Probe (Chrono Boost)  
  53  4:35  Probe  
  53  4:36  Probe  
  55  4:44  Twilight Council  
  55  4:47  Probe  
  55  4:48  Probe  
  57  4:54  Nexus  
  57  4:59  Pylon, Probe  
  58  5:00  Probe  
  58  5:02  Assimilator  
  59  5:11  Gateway  
  59  5:12  Gateway  
  59  5:13  Probe  
  60  5:15  Probe  
  60  5:19  Assimilator  
  61  5:25  Probe  
  61  5:27  Probe  
  63  5:28  Blink (Chrono Boost)  
  63  5:30  Phoenix  
  63  5:33  Robotics Facility  
  63  5:37  Probe  
  63  5:38  Stalker  
  63  5:39  Probe  
  68  5:51  Probe (Chrono Boost)  
  68  5:52  Stalker  
  68  5:53  Shield Battery, Probe (Chrono Boost)  
  71  6:02  Probe (Chrono Boost)  
  71  6:04  Stalker  
  75  6:07  Probe (Chrono Boost)  
  75  6:08  Probe (Chrono Boost)  
  77  6:11  Stalker  
  77  6:12  Probe (Chrono Boost)  
  77  6:14  Stalker, Pylon  
  77  6:15  Probe (Chrono Boost)  
  77  6:17  Probe (Chrono Boost)  
  84  6:19  Probe (Chrono Boost)  
  84  6:21  Protoss Ground Weapons Level 2 (Chrono Boost)  
  85  6:27  Stalker x2  
  85  6:30  Gateway  
  85  6:32  Pylon  
  88  6:35  Templar Archives  
  88  6:45  Photon Cannon  
  88  6:48  Probe x2  
  88  6:49  Shield Battery, Probe  
  88  6:50  Assimilator, Stalker  
  88  6:54  Assimilator  
  93  6:55  Pylon  
  93  6:58  Shield Battery  
  93  7:00  Probe x2  
  95  7:06  Probe  
  95  7:08  Pylon  
  96  7:11  Zealot x3  
  96  7:12  Phoenix, Probe  
  103  7:17  Gateway x2  
  103  7:24  Photon Cannon  
  103  7:26  High Templar x2  
  103  7:27  Probe  
  103  7:29  Photon Cannon  
  108  7:34  Gateway  
  108  7:35  Archon  
  108  7:42  Observer (Chrono Boost)  
  109  7:44  High Templar x2  
  109  7:47  Probe  
  109  7:48  Nexus  
  114  7:52  Archon  
  114  7:53  Probe  
  114  7:56  Pylon  
  115  7:59  Robotics Bay  
  115  8:03  Robotics Facility  
  115  8:04  Warp Prism (Chrono Boost)  
  115  8:05  Probe  
  116  8:06  Unknown  
  116  8:08  Charge  
  116  8:10  Probe  
  119  8:15  Dark Shrine  
  119  8:17  Photon Cannon  
  119  8:19  Shield Battery  
  119  8:22  Pylon  
  119  8:23  Probe  
  119  8:25  Probe  
  119  8:26  Probe  
  122  8:35  Probe  
  122  8:37  Probe  
  122  8:38  Probe  
  125  8:41  Observer (Chrono Boost)  
  125  8:43  Zealot x2, Photon Cannon  
  125  8:47  Probe  
  131  8:49  Probe  
  131  8:50  Protoss Ground Weapons Level 3 (Chrono Boost), Probe  
  136  8:57  Disruptor (Chrono Boost)  
  136  8:59  Probe  
  136  9:01  Disruptor (Chrono Boost)  
  140  9:07  Pylon  
  140  9:19  Stargate  
  140  9:20  Disruptor, Pylon  
  143  9:28  Disruptor  
  143  9:30  Nexus  
  143  9:31  Protoss Air Weapons Level 1  
  144  9:33  Dark Templar x2, Photon Cannon, Pylon  
  144  9:34  Zealot x3, Stalker  
  146  9:55  Probe  
  146  9:56  Disruptor  
  146  9:57  Zealot x5  
  132  10:07  Disruptor  
  132  10:08  Probe  
  132  10:10  Fleet Beacon  
  132  10:11  Probe  
  132  10:12  Pylon, Probe  
  138  10:14  Stargate  
  138  10:19  Stalker x4, Photon Cannon  
  138  10:21  Photon Cannon  
  146  10:22  Dark Templar  
  146  10:23  Photon Cannon  
  146  10:26  Shield Battery  
  148  10:30  Assimilator  
  148  10:31  Disruptor (Chrono Boost)  
  148  10:34  Assimilator  
  148  10:35  Probe  
  150  10:38  Stargate  
  150  10:41  Probe  
  151  10:45  Probe  
  151  10:49  Gravitic Drive (Chrono Boost)  
  152  10:51  Stargate  
  152  10:52  Pylon  
  152  10:54  Pylon  
  152  10:56  Warp Prism (Chrono Boost)  
  153  11:06  Probe  
  153  11:09  Zealot x2, Photon Cannon  
  153  11:11  Photon Cannon  
  158  11:12  Photon Cannon  
  158  11:14  Photon Cannon, Pylon  
  158  11:15  Shield Battery, Photon Cannon  
  158  11:16  Carrier (Chrono Boost)  
  156  11:19  Photon Cannon  
  156  11:24  Carrier (Chrono Boost)  
  162  11:29  High Templar x4  
  176  11:34  Archon  
  176  11:35  Archon  
  182  11:41  Carrier (Chrono Boost)  
  182  11:42  Probe  
  183  11:50  Protoss Shields Level 1 (Chrono Boost)  
  189  11:55  Probe  
  189  11:57  Carrier (Chrono Boost)  
  189  11:58  Protoss Air Weapons Level 2 (Chrono Boost), Pylon  
  190  12:06  Observer (Chrono Boost)  
  190  12:08  Nexus  
  190  12:10  Pylon  
  190  12:13  Unknown, Carrier  
  196  12:35  Zealot x2  
  198  12:53  Mothership (Chrono Boost)  
  196  13:08  Photon Cannon  
  196  13:09  Photon Cannon  
  196  13:10  Photon Cannon  
  196  13:12  Photon Cannon  
  192  13:13  Dark Templar  
  192  13:14  Shield Battery  
  192  13:16  Shield Battery  
  192  13:18  Pylon, Carrier (Chrono Boost)  
  189  13:38  Stalker x7  
  189  13:39  Disruptor  
  189  13:40  Disruptor  
  193  13:43  Carrier (Chrono Boost)  
  200  13:49  Protoss Shields Level 2 (Chrono Boost), Shield Battery  
  200  13:53  Carrier (Chrono Boost), Pylon  
  197  14:09  Protoss Air Weapons Level 3 (Chrono Boost)  
  200  14:14  Cybernetics Core  
  200  14:16  Oracle (Chrono Boost)  
  200  14:20  Unknown  
  200  14:27  Photon Cannon  
  200  14:31  Shield Battery  
  200  14:33  Photon Cannon  
  200  14:35  Photon Cannon  
  200  14:43  Unknown, Pylon  
  200  14:44  Pylon  
  198  14:58  Oracle  
  197  15:25  Dark Templar x2  
  197  15:50  Stalker  
  191  16:01  Carrier x2 (Chrono Boost)  
  184  16:07  Carrier x2 (Chrono Boost)  
  172  16:20  Mothership (Chrono Boost), Stalker  
  172  16:21  Stalker x7  
  196  16:29  Pylon  
  196  16:31  Nexus  
  196  16:35  Protoss Air Armor Level 1 (Chrono Boost)  
  187  16:46  Stalker x3  
  187  16:47  Stalker x5  
  183  17:00  Carrier x2 (Chrono Boost), Pylon  
  183  17:04  Photon Cannon  
  183  17:07  Photon Cannon  
  183  17:08  Shield Battery  
  189  17:17  High Templar x3  
  189  17:18  High Templar  
  189  17:19  Stalker  
  199  17:24  Archon x2  
  195  17:32  Probe  
  195  17:34  Photon Cannon  
  195  17:35  Assimilator, Photon Cannon  
  196  17:37  Dark Templar x2  
  196  17:38  Pylon  
  200  17:54  Assimilator  
  200  17:57  Shield Battery  
  200  17:58  Stalker  
  197  18:17  Disruptor  
  191  18:27  Stalker x5  

Tags
 
Add a new tag
Caveats
  • Supply blocks, unpowered buildings, or Contaminate may cause inaccurate times.
  • Supply counts are checked every 10 seconds.